 Dungeon Crawl Stone Soup version 0.30.1 (webtiles) character file.

Game seed: 14768955765105590228

135 cdecastro the Magician (level 5, -5/39 HPs)
             Began as a Djinni Ice Elementalist on July 11, 2023.
             Killed from afar by an orc wizard (9 damage)
             ... with a magic dart
             ... on level 3 of the Dungeon.
             The game lasted 00:05:34 (2537 turns).

cdecastro the Magician (Djinni Ice Elementalist)    Turns: 2537, Time: 00:05:34

Health: -5/39      AC:  2    Str:  7    XL:     5   Next: 42%
Gold:   76         EV: 12    Int: 18    God:
                   SH:  0    Dex: 14

rFire   + + .        t - +2 dagger (venom)
rCold   x . .        (no shield)
rNeg    . . .        a - +0 robe
rPois   ∞            (no helmet)
rElec   .            (no cloak)
rCorr   .            (no gloves)
SInv    .            (boots unavailable)
Will    .....        (no amulet)
Stlth   ++           (no ring)
HPRegen 0.26/turn    (no ring)
MPRegen 0.00/turn

%: infuse magic (-6 HP)
@: flying
A: sickness immunity, fire resistance 2, cold vulnerability 1, float, innate
caster, HP casting, extra vitality 1
a: no special abilities


You were on level 3 of the Dungeon.
You visited 1 branch of the dungeon, and saw 3 of its levels.

You collected 76 gold pieces.

Inventory:

Hand Weapons
 d - a +0 dagger
 n - a +3 short sword
 t - a +2 dagger of venom (weapon)
Missiles
 r - 6 poisoned darts
Armour
 a - a +0 robe (worn)
 m - a +0 cloak
 q - a +0 helmet
Scrolls
 c - 2 scrolls of vulnerability {unknown}
 e - 4 scrolls of identify {unknown}
 k - 4 scrolls of teleportation {unknown}
 l - 3 scrolls of fog {unknown}
 o - 2 scrolls of torment {unknown}
 p - a scroll of magic mapping {unknown}
Potions
 b - a potion of heal wounds {unknown}
 f - a potion of curing {unknown}
 g - a potion of ambrosia {unknown}
 h - a potion of magic {unknown}
 i - a potion of invisibility {unknown}
 j - a potion of cancellation {unknown}
 s - a potion of attraction {unknown}


   Skills:
 + Level 2.4 Fighting
 - Level 2.1 Dodging
 - Level 1.5 Stealth
 * Level 4.5 Spellcasting


You knew the following spells:

 Your Spells              Type           Power      Damage    Failure   Level
a - Freeze                Ice            80%        1d9       2%          1
b - Frozen Ramparts       Ice            40%        1d7       7%          3
c - Ozocubu's Armour      Ice            20%        N/A       7%          3
d - Summon Ice Beast      Ice/Summ       20%        N/A       22%         4
e - Foxfire               Conj/Fire      80%        2x1d8     2%          1
f - Static Discharge      Conj/Air       40%        2-4/arc   3%          2
Your spell library was empty.

Dungeon Overview and Level Annotations

Branches:
Dungeon (3/15)

Altars:


Innate Abilities, Weirdness & Mutations

You are immune to sickness and miasma.
You are immune to poison.
Your flesh is very heat resistant. (rF++)
You are vulnerable to cold. (rC-)
You float through the air rather than walking.
You learn spells naturally, not from books.
Your magical power is your life essence.
You have superior vitality. (+4 MHP)


Message History

Your mind is blasted!
* * * LOW HITPOINT WARNING * * *
You have reached level 5!
The power to cast Static Discharge wells up from within.
Spell assigned to 'f'.
Casting: Foxfire (safe; 2% risk of failure)
Confirm with . or Enter, or press ? or * to list all spells.
You conjure some foxfire!
* * * LOW HITPOINT WARNING * * *
The orc priest looks encouraged for a moment.
Unknown command.
Unknown command.
Casting: Foxfire (safe; 2% risk of failure)
Confirm with . or Enter, or press ? or * to list all spells.
You conjure some foxfire!
* * * LOW HITPOINT WARNING * * *
The foxfire hits the orc priest.
The orc priest is severely wounded.
The orc wizard mumbles some strange words.
The orc wizard flickers and vanishes!
An orc comes into view. It is wielding a +0 whip.
The foxfire hits the orc priest.
You kill the orc priest!
Unknown command.
The foxfire hits something. x2
A magic dart appears from out of thin air!
The magic dart hits you!
* * * LOW HITPOINT WARNING * * *
Casting: Foxfire (safe; 2% risk of failure)
Confirm with . or Enter, or press ? or * to list all spells.
You conjure some foxfire!
* * * LOW HITPOINT WARNING * * *
A magic dart appears from out of thin air!
The magic dart hits you.
* * * LOW HITPOINT WARNING * * *
Your foxfire dissipates!
The foxfire hits something.
A magic dart appears from out of thin air!
The magic dart hits you!
You die...

#.#.#.#######.# #.#
#.#.#.......#.# #.#
#.#.#.#####.#.# #.#
#.#.#"#<..#.#.# #.#
#.#.#.....#.#.# #.#
#.#.#######.#.# #.#
#.#..<......#.# #.#
#.###########.# #.#
####..{..@.......# #.#
#####..o.##.§....#########.#
......)..........'.........#
......#####......###########
###### #).....# #......#
#......# #......# ########


You could see an orc.

Vanquished Creatures
  An orc priest (D:3)
  An orc wizard (D:3)
  Robin (D:2)
  An adder (D:3)
  A worm (D:2)
  2 dart slugs (D:1)
  An orc (D:3)
  An endoplasm (D:2)
  A giant cockroach (D:1)
  14 goblins
  8 hobgoblins
  3 quokkas
  3 ball pythons (D:2)
  4 bats
  6 frilled lizards
  4 kobolds
  5 rats
57 creatures vanquished.

Vanquished Creatures (others)
  104 foxfires
104 creatures vanquished.

Grand Total: 161 creatures vanquished

Notes
Turn   | Place    | Note
-------+----------+-------------------------------------------
     0 | D:1      | cdecastro the Djinni Ice Elementalist began the quest for
                  | the Orb.
     0 | D:1      | cdecastro set off with the following spells memorised:
                  | Freeze, Frozen Ramparts, Ozocubu's Armour, Summon Ice
                  | Beast.
     0 | D:1      | Reached XP level 1. HP: 15/15 MP: 0/0
   116 | D:1      | Found a faded altar of an unknown god.
   213 | D:1      | Reached XP level 2. HP: 10/22 MP: 0/0
   398 | D:1      | Reached skill level 1 in Fighting
   517 | D:1      | Reached XP level 3. HP: 26/27 MP: 0/0
   517 | D:1      | Learned a level 1 spell: Foxfire
  1350 | D:2      | Noticed Robin
  1361 | D:2      | Killed Robin
  1362 | D:2      | Reached skill level 4 in Spellcasting
  1362 | D:2      | Reached XP level 4. HP: 22/33 MP: 0/0
  2530 | D:3      | Reached XP level 5. HP: 18/38 MP: 0/0
  2530 | D:3      | Learned a level 2 spell: Static Discharge
  2537 | D:3      | Killed from afar by an orc wizard

Illustrated notes

Levels and vault maps discovered:
D:1:      giann_forest_graveyard, layout_basic, shapermc_ecumenical_altar_petra,
          chequers_arboretum, kennysheep_crisscross
D:2:      layout_basic, uniq_robin
D:3:      layout_basic, lemuel_round_altar, minmay_stone_trees_small

Skill      XL: |  1  2  3  4 |
---------------+-------------+-----
Fighting       | 1 2 |  2.4
Spellcasting   | 4 |  4.5
Dodging        | |  2.1
Stealth        | |  1.5

Action                     |  1- 3 |  4- 6 || total
---------------------------+-------+-------++-------
  Melee: Dagger            |     5 |       ||     5
         Short sword       |       |     4 ||     4
   Cast: Freeze            |    24 |     4 ||    28
         Foxfire           |    33 |    30 ||    63
   Stab: Sleeping          |     4 |       ||     4
 Armour: Robe              |     3 |     3 ||     6
  Dodge: Dodged            |    13 |     8 ||    21
